Blackhawks vs Red Wings (R1)

Created - 8 mars 2015 at 20:05

Goals
1 2 3 OT1 T
Blackhawks 0 3 1 0 4
Red Wings 1 2 1 1 5
Shots
1 2 3 OT1 T
Blackhawks 4 13 14 1 32
Red Wings 3 12 16 1 32

1st period

1. Red Wings , Teemu Selanne 11 (Mike Richards, Sean Bergenheim) at 5:07

Penalties :
Jason Spezza (Det) for Hooking (Minor) at 5:20, Mike Brown (Det) for High sticking (Minor) at 12:23, Richard Jackman (Det) for Slashing (Double Minor) at 14:46

2nd period

2. Blackhawks , Scott Gomez 21 (Henrik Zetterberg, Wes O'Neill) at 4:08
3. Red Wings , Rick Nash 36 (Jason Spezza, Martin Havlat) at 13:28 (PP)
4. Blackhawks , Chris Higgins 14 (Jeff Schultz, Oleg Kvasha) at 15:01
5. Blackhawks , Chris Higgins 15 (Daniel Carcillo) at 17:59 (SH)
6. Red Wings , Sean Bergenheim 16 (Mike Richards, Teemu Selanne) at 18:33 (PP)

Penalties :
Wes O'Neill (Chi) for Holding (Minor) at 6:29, Kris Versteeg (Chi) for Hooking (Minor) at 6:51, Sheldon Keefe (Chi) for Hooking (Minor) at 13:20, Sheldon Keefe (Chi) for Roughing (Minor) at 16:38

3rd period

7. Blackhawks , Sheldon Keefe 5 (Oleg Kvasha, Johnny Oduya) at 11:46
8. Red Wings , Nate Thompson 4 (Martin Havlat, Maxim Kondratiev) at 15:52 (SH)

Penalties :
Shea Weber (Det) for Hooking (Minor) at 0:40, Henrik Zetterberg (Chi) for Cross-checking (Minor) at 8:34, Martin Havlat (Det) for Hooking (Minor) at 11:55, Shawn Horcoff (Det) for Slashing (Minor) at 15:10, Chris Higgins (Chi) for Interference (Minor) at 17:55, Mike Richards (Det) for Roughing (Minor) at 19:00

Overtime #1

9. Red Wings , Shawn Horcoff 12 (Richard Jackman, Rick Nash) at 1:24

Penalties :
No Penalty

Goalie Stats

Roberto Luongo (Chi), 27 saves from 32 shots - (0,844), OTL, 29-24-7, 61:24 minutes
Jonathan Quick (Det), 28 saves from 32 shots - (0,875), W, 29-21-7, 61:24 minutes

Players Stats for Blackhawks

Player Name              G  A  P  +/- PIM S  H  SB GA TA FO     MP     PP MP  PK MP  
------------------------------------------------------------------------------------
Chris Campoli            0  0  0   1  0   3  1  0  0  1  0/0    21:42   5:34   2:44 
Chris Higgins            2  0  2   3  2   2  3  0  0  0  1/1    11:10   1:21   1:03 
Daniel Carcillo          0  1  1   1  0   2  3  0  0  1  1/4     8:00   0:00   2:14 
Dominic Moore            0  0  0  -1  0   3  5  0  0  0  3/7    17:50   6:03   1:05 
Drew Larman              0  0  0   0  0   0  1  0  0  0  0/1     6:10   0:24   0:00 
George Parros            0  0  0   0  0   1  3  0  0  0  1/2    20:30   6:43   0:54 
Henrik Zetterberg        0  1  1  -1  2   3  3  1  0  0  7/13   25:48   6:46   3:27 
Jamie Langenbrunner      0  0  0  -1  0   3  0  0  0  0  0/0    15:43   6:04   0:00 
Jeff Schultz             0  1  1   1  0   0  2  0  0  0  0/0    21:42   5:34   2:44 
John Carlson             0  0  0  -1  0   0  1  1  0  0  0/0     9:07   0:31   0:00 
Johnny Oduya             0  1  1   1  0   0  0  3  0  2  0/0    30:35   7:54   4:44 
Kris Versteeg            0  0  0  -2  2   3  1  2  1  0  1/1    22:24   6:14   3:35 
Oleg Kvasha              0  2  2   2  0   2  1  1  0  1  2/3     9:44   0:59   0:00 
Scott Gomez              1  0  1   0  0   4  0  0  0  0  14/29  20:25   6:40   0:54 
Sheldon Keefe            1  0  1   2  4   1  0  1  0  0  0/0     9:08   0:43   0:00 
Steve Bernier            0  0  0   0  0   2  1  0  0  0  0/0     5:46   0:00   0:00 
Steve McCarthy           0  0  0   1  0   1  1  2  1  0  0/0    30:35   7:54   4:44 
Wes O'Neill              0  1  1  -1  2   2  1  1  1  0  0/0     9:12   0:31   0:06 

Players Stats for Red Wings

Player Name              G  A  P  +/- PIM S  H  SB GA TA FO     MP     PP MP  PK MP  
------------------------------------------------------------------------------------
Alex Picard              0  0  0  -2  0   0  2  0  0  0  0/0     9:19   0:00   2:56 
Christian Backman        0  0  0  -1  0   0  1  2  0  0  0/0    17:33   3:22   1:25 
Jason Spezza             0  1  1   0  2   5  1  0  0  0  21/38  24:32   4:21   6:54 
Lee Stempniak            0  0  0  -1  0   0  0  2  0  0  0/0     8:27   0:00   0:00 
Martin Havlat            0  2  2   1  2   1  3  0  0  0  0/1    19:53   4:21   3:35 
Maxim Kondratiev         0  1  1   2  0   1  0  2  0  1  0/0    13:31   0:00   5:14 
Mike Brown               0  0  0  -2  2   1  0  0  0  0  0/0     6:08   0:00   0:00 
Mike Richards            0  2  2   0  2   2  3  2  1  0  6/11   16:31   3:06   2:45 
Nate Thompson            1  0  1  -1  0   3  2  0  0  0  2/5    11:42   0:00   5:19 
Ossi Vaananen            0  0  0   1  0   0  0  0  0  0  0/0    11:09   0:00   3:40 
Paul Martin              0  0  0  -2  0   2  1  0  0  0  0/0    31:10   4:06   8:30 
Richard Jackman          0  1  1   0  4   2  1  1  1  0  0/0    19:55   3:22   3:53 
Rick Nash                1  1  2   1  0   6  1  0  1  0  2/5    24:37   4:21   7:14 
Robert Dome              0  0  0  -1  0   1  1  1  0  0  0/0     8:58   0:00   0:14 
Sean Bergenheim          1  1  2   0  0   2  0  1  0  0  0/0    13:40   3:07   0:00 
Shawn Horcoff            1  0  1   0  2   2  1  1  0  0  0/1     9:20   0:00   0:01 
Shea Weber               0  0  0  -2  2   0  2  1  1  2  0/0    29:42   4:06   7:16 
Teemu Selanne            1  1  2   0  0   4  0  1  1  0  0/0    13:29   3:07   0:00 

3 Stars

1 - Chris Higgins (Chi)
2 - Rick Nash (Det)
3 - Oleg Kvasha (Chi)

Power Play

Blackhawks - 0 on 8 Attempt(s) - 0,00%
Red Wings - 2 on 6 Attempt(s) - 33,33%

Penalty Kill

Blackhawks - 4 on 6 Attempt(s) - 66,67% - Score 1 goal in Penalty Kill
Red Wings - 8 on 8 Attempt(s) - 100,00% - Score 1 goal in Penalty Kill

Team Stat

Blackhawks - Hits : 27 - Faceoff Wins : 30 - Blocked Shots : 12 - Penalty Minutes : 12
Red Wings - Hits : 19 - Faceoff Wins : 31 - Blocked Shots : 14 - Penalty Minutes : 16

Official

Referees : L'Ecuyer Frederick and Hasenfratz Mike
Linesman : Don Henderson and Andy McElman

Game Notes

No Game Note

Finance

Level 1 -- Attendance: 5367 (89,45%) -- Ticket Income 402 525 $
Level 2 -- Attendance: 4861 (97,22%) -- Ticket Income 218 745 $
Level 3 -- Attendance: 2000 (100,00%) -- Ticket Income 50 000 $
Level 4 -- Attendance: 4000 (100,00%) -- Ticket Income 72 000 $
Luxury Box -- Attendance: 932 (93,20%) -- Ticket Income 139 800 $
Game was played at the Joe Louis Arena'
Total Attendance: 17160 (95,33%)
Total Ticket Income: 883 070 $
Other Income: 132 460 $
Total Income: 1 015 530 $

Blackhawks

5 vs 5 Forward 
   Center                   Left Wing                Right Wing               Time % Phy DF OF 
 1 Scott Gomez              Henrik Zetterberg        George Parros            40     1   2  2  
 2 Dominic Moore            Kris Versteeg            Jamie Langenbrunner      30     1   2  2  
 3 Oleg Kvasha              Chris Higgins            Sheldon Keefe            20     1   2  2  
 4 Drew Larman              Daniel Carcillo          Steve Bernier            10     1   2  2  

5 vs 5 Defense 
   Defense                  Defense                                           Time % Phy DF OF 
 1 Johnny Oduya             Steve McCarthy                                    40     1   2  2  
 2 Jeff Schultz             Chris Campoli                                     30     1   2  2  
 3 Wes O'Neill              John Carlson                                      20     1   2  2  
 4 Johnny Oduya             Steve McCarthy                                    10     1   2  2  

PowerPlay Forward 
   Center                   Left Wing                Right Wing               Time % Phy DF OF 
 1 Scott Gomez              Henrik Zetterberg        George Parros            60     1   2  2  
 2 Dominic Moore            Kris Versteeg            Jamie Langenbrunner      40     1   2  2  

PowerPlay Defense
   Defense                  Defense                                           Time % Phy DF OF 
 1 Johnny Oduya             Steve McCarthy                                    60     1   2  2  
 2 Jeff Schultz             Chris Campoli                                     40     1   2  2  

Penalty Kill 4 Players Forward 
   Center                   Wing                     Time % Phy DF OF 
 1 Henrik Zetterberg        Kris Versteeg            60     1   2  2  
 2 George Parros            Scott Gomez              40     1   2  2  

Penalty Kill 4 Players Defense
   Defense                  Defense                  Time % Phy DF OF 
 1 Johnny Oduya             Steve McCarthy           60     1   2  2  
 2 Jeff Schultz             Chris Campoli            40     1   2  2  

Penalty Kill - 3 Players Forward 
   Forward                                           Time % Phy DF OF 
 1 Henrik Zetterberg                                 60     1   2  2  
 2 Kris Versteeg                                     40     1   2  2  

Penalty Kill - 3 Players Defense
   Defense                  Defense                  Time % Phy DF OF 
 1 Johnny Oduya             Steve McCarthy           60     1   2  2  
 2 Jeff Schultz             Chris Campoli            40     1   2  2  

4 vs 4 Forward 
   Center                   Wing                     Time % Phy DF OF 
 1 Henrik Zetterberg        Kris Versteeg            60     1   2  2  
 2 George Parros            Scott Gomez              40     1   2  2  

4 vs 4 Defense
   Defense                  Defense                  Time % Phy DF OF 
 1 Johnny Oduya             Steve McCarthy           60     1   2  2  
 2 Jeff Schultz             Chris Campoli            40     1   2  2  

Last Minutes Offensive
   Center                   Left Wing                Right Wing               Defense                  Defense                  
   Scott Gomez              Henrik Zetterberg        George Parros            Johnny Oduya             Steve McCarthy           

Last Minutes Defensive
   Center                   Left Wing                Right Wing               Defense                  Defense                  
   Scott Gomez              Henrik Zetterberg        George Parros            Johnny Oduya             Steve McCarthy           

Goaltenders
Starting : Roberto Luongo           
Backup : Jocelyn Thibault         

Extra Forwards
Normal : Chris Higgins, Oleg Kvasha, Daniel Carcillo - PP : Chris Higgins, Oleg Kvasha - PK : Daniel Carcillo
Extra Defensemen
Normal : Wes O'Neill, John Carlson, Jeff Schultz - PP : Wes O'Neill - PK : John Carlson, Jeff Schultz
Penalty Shots
Henrik Zetterberg, Kris Versteeg, George Parros, Scott Gomez, Jamie Langenbrunner

Red Wings

5 vs 5 Forward 
   Center                   Left Wing                Right Wing               Time % Phy DF OF 
 1 Jason Spezza             Rick Nash                Martin Havlat            40     1   2  2  
 2 Mike Richards            Sean Bergenheim          Teemu Selanne            30     1   2  2  
 3 Shawn Horcoff            Robert Dome              Lee Stempniak            17     1   2  2  
 4 Nate Thompson            Alex Picard              Mike Brown               13     1   2  2  

5 vs 5 Defense 
   Defense                  Defense                                           Time % Phy DF OF 
 1 Shea Weber               Paul Martin                                       40     1   2  2  
 2 Richard Jackman          Christian Backman                                 30     1   2  2  
 3 Maxim Kondratiev         Ossi Vaananen                                     20     1   2  2  
 4 Christian Backman        Shea Weber                                        10     1   2  2  

PowerPlay Forward 
   Center                   Left Wing                Right Wing               Time % Phy DF OF 
 1 Jason Spezza             Rick Nash                Martin Havlat            60     1   2  2  
 2 Mike Richards            Sean Bergenheim          Teemu Selanne            40     1   2  2  

PowerPlay Defense
   Defense                  Defense                                           Time % Phy DF OF 
 1 Shea Weber               Paul Martin                                       60     1   2  2  
 2 Richard Jackman          Christian Backman                                 40     1   2  2  

Penalty Kill 4 Players Forward 
   Center                   Wing                     Time % Phy DF OF 
 1 Jason Spezza             Rick Nash                60     1   2  2  
 2 Nate Thompson            Martin Havlat            40     1   2  2  

Penalty Kill 4 Players Defense
   Defense                  Defense                  Time % Phy DF OF 
 1 Shea Weber               Paul Martin              60     1   2  2  
 2 Richard Jackman          Maxim Kondratiev         40     1   2  2  

Penalty Kill - 3 Players Forward 
   Forward                                           Time % Phy DF OF 
 1 Jason Spezza                                      60     1   2  2  
 2 Nate Thompson                                     40     1   2  2  

Penalty Kill - 3 Players Defense
   Defense                  Defense                  Time % Phy DF OF 
 1 Shea Weber               Paul Martin              60     1   2  2  
 2 Richard Jackman          Maxim Kondratiev         40     1   2  2  

4 vs 4 Forward 
   Center                   Wing                     Time % Phy DF OF 
 1 Jason Spezza             Rick Nash                60     1   2  2  
 2 Mike Richards            Martin Havlat            40     1   2  2  

4 vs 4 Defense
   Defense                  Defense                  Time % Phy DF OF 
 1 Shea Weber               Paul Martin              60     1   2  2  
 2 Richard Jackman          Christian Backman        40     1   2  2  

Last Minutes Offensive
   Center                   Left Wing                Right Wing               Defense                  Defense                  
   Jason Spezza             Rick Nash                Martin Havlat            Shea Weber               Paul Martin              

Last Minutes Defensive
   Center                   Left Wing                Right Wing               Defense                  Defense                  
   Jason Spezza             Rick Nash                Martin Havlat            Shea Weber               Paul Martin              

Goaltenders
Starting : Jonathan Quick           
Backup : Scott Clemmensen         

Extra Forwards
Normal : Shawn Horcoff, Sean Bergenheim, Alex Picard - PP : Shawn Horcoff, Sean Bergenheim - PK : Nate Thompson
Extra Defensemen
Normal : Maxim Kondratiev, Ossi Vaananen, Christian Backman - PP : Maxim Kondratiev - PK : Ossi Vaananen, Christian Backman
Penalty Shots
Jason Spezza, Rick Nash, Mike Richards, Martin Havlat, Shawn Horcoff

% Time on Ice - Blackhawks

Lines # - Real PCT - Wanted PCT - Time Play
Normal Forward
1 - 37% - 40% - 13:49
2 - 26% - 30% - 9:39
3 - 22% - 20% - 8:25
4 - 15% - 10% - 5:46
Normal Defense
1 - 42% - 40% - 15:56
2 - 34% - 30% - 12:46
3 - 23% - 20% - 8:36
4 - 1% - 10% - 0:21
PP Forward
1 - 54% - 60% - 7:37
2 - 46% - 40% - 6:22
PP Defense
1 - 60% - 60% - 8:25
2 - 40% - 40% - 5:34
PK Forward
1 - 83% - 60% - 4:51
2 - 17% - 40% - 1:00
PK Defense
1 - 65% - 60% - 3:48
2 - 35% - 40% - 2:03
PK3 Forward
1 - 58% - 60% - 0:56
2 - 42% - 40% - 0:41
PK3 Defense
1 - 58% - 60% - 0:56
2 - 42% - 40% - 0:41
44 Forward
1 - 93% - 60% - 2:09
2 - 7% - 40% - 0:09
44 Defense
1 - 72% - 60% - 1:40
2 - 28% - 40% - 0:38
Last Minute Offensive  - 0:00
Last Minute Defensive  - 0:00
Total
Forward - 61:24
Defense - 61:24

% Time on Ice - Red Wings

Lines # - Real PCT - Wanted PCT - Time Play
Normal Forward
1 - 33% - 40% - 12:27
2 - 28% - 30% - 10:41
3 - 22% - 17% - 8:27
4 - 16% - 13% - 6:04
Normal Defense
1 - 45% - 40% - 16:52
2 - 33% - 30% - 12:24
3 - 19% - 20% - 7:11
4 - 3% - 10% - 1:12
PP Forward
1 - 58% - 60% - 4:21
2 - 42% - 40% - 3:07
PP Defense
1 - 55% - 60% - 4:06
2 - 45% - 40% - 3:22
PK Forward
1 - 69% - 60% - 9:41
2 - 31% - 40% - 4:18
PK Defense
1 - 58% - 60% - 8:08
2 - 42% - 40% - 5:51
PK3 Forward
1 - 100% - 60% - 1:00
2 - 0% - 40% - 0:00
PK3 Defense
1 - 68% - 60% - 0:41
2 - 32% - 40% - 0:19
44 Forward
1 - 100% - 60% - 1:18
2 - 0% - 40% - 0:00
44 Defense
1 - 78% - 60% - 1:01
2 - 22% - 40% - 0:17
Last Minute Offensive  - 0:00
Last Minute Defensive  - 0:00
Total
Forward - 61:24
Defense - 61:24

Play by Play

1st period


0:01 of 1st period - Rick Nash wins face-off versus Scott Gomez in neutral zone.
0:04 of 1st period - Backhand shot by Jason Spezza.
0:04 of 1st period - Stopped by Roberto Luongo without a rebound.
0:05 of 1st period - Scott Gomez wins face-off versus Jason Spezza in Blackhawks zone.
0:18 of 1st period - Backhand shot by Henrik Zetterberg.
0:18 of 1st period - Stopped by Jonathan Quick with a rebound.
1:01 of 1st period - Steve McCarthy is hit by Richard Jackman and loses puck.
1:20 of 1st period - Drew Larman is hit by Nate Thompson and loses puck.
1:31 of 1st period - Wrist shot by Steve Bernier.
1:31 of 1st period - Stopped by Jonathan Quick with a rebound.
1:55 of 1st period - Slapshot by Johnny Oduya.
1:55 of 1st period - Shot Blocked by Maxim Kondratiev.
1:57 of 1st period - Slapshot by Steve McCarthy.
1:57 of 1st period - Shot Blocked by Maxim Kondratiev.
1:59 of 1st period - Wrist shot by Johnny Oduya.
1:59 of 1st period - Shot Misses the Net.
2:56 of 1st period - Rick Nash is hit by Drew Larman and loses puck.
3:06 of 1st period - Martin Havlat is hit by John Carlson and loses puck.
3:33 of 1st period - Snap shot by Mike Richards.
3:33 of 1st period - Stopped by Roberto Luongo without a rebound.
3:34 of 1st period - Mike Richards wins face-off versus Scott Gomez in Blackhawks zone.
3:59 of 1st period - Shawn Horcoff is hit by Kris Versteeg and loses puck.
4:04 of 1st period - Snap shot by Dominic Moore.
4:04 of 1st period - Shot Misses the Net.
4:06 of 1st period - Slapshot by Chris Campoli.
4:06 of 1st period - Stopped by Jonathan Quick with a rebound.
4:08 of 1st period - Slapshot by Chris Campoli.
4:08 of 1st period - Stopped by Jonathan Quick with a rebound.
4:32 of 1st period - Maxim Kondratiev is hit by Chris Higgins and loses puck.
5:05 of 1st period - Wrist shot by Teemu Selanne.
5:05 of 1st period - Shot Blocked by John Carlson.
5:07 of 1st period - Snap shot by Teemu Selanne.
5:07 of 1st period - Goal by Teemu Selanne - Blackhawks : 0 - Red Wings : 1.
5:08 of 1st period - George Parros wins face-off versus Rick Nash in neutral zone.
5:20 of 1st period - Minor Penalty to Jason Spezza for Hooking.
5:21 of 1st period - Nate Thompson wins face-off versus Scott Gomez in Red Wings zone.
5:29 of 1st period - Paul Martin is hit by Henrik Zetterberg and loses puck.
6:12 of 1st period - Wrist shot by Nate Thompson.
6:12 of 1st period - Shot Misses the Net.
6:44 of 1st period - Steve McCarthy is hit by Nate Thompson and loses puck.
7:20 of 1st period - Penalty to Jason Spezza is over, Jason Spezza is back on ice.
7:47 of 1st period - Shawn Horcoff is hit by Wes O'Neill and loses puck.
8:39 of 1st period - Steve Bernier is hit by Shea Weber and loses puck.
10:50 of 1st period - Ossi Vaananen is hit by George Parros and loses puck.
11:20 of 1st period - Steve McCarthy is hit by Shea Weber and loses puck.
11:43 of 1st period - Johnny Oduya is hit by Martin Havlat and loses puck.
12:23 of 1st period - Minor Penalty to Mike Brown for High sticking.
12:24 of 1st period - Jason Spezza wins face-off versus Scott Gomez in Red Wings zone.
14:02 of 1st period - Scott Gomez is hit by Mike Richards and loses puck.
14:23 of 1st period - Penalty to Mike Brown is over, Mike Brown is back on ice.
14:46 of 1st period - Double Minor Penalty to Richard Jackman for Slashing.
14:47 of 1st period - Scott Gomez wins face-off versus Jason Spezza in Red Wings zone.
16:41 of 1st period - George Parros is hit by Alex Picard and loses puck.
18:35 of 1st period - Paul Martin is hit by Chris Higgins.
18:46 of 1st period - Penalty to Richard Jackman is over, Richard Jackman is back on ice.
18:55 of 1st period - Richard Jackman is hit by Daniel Carcillo and loses puck.
19:33 of 1st period - Wes O'Neill is hit by Alex Picard and loses puck.
Goals for this period are 0 for Blackhawks vs 1 for Red Wings.
Shots for this period are 4 for Blackhawks vs 3 for Red Wings.

2nd period


0:01 of 2nd period - Jason Spezza wins face-off versus Scott Gomez in neutral zone.
0:12 of 2nd period - Snap shot by Rick Nash.
0:12 of 2nd period - Stopped by Roberto Luongo with a rebound.
0:14 of 2nd period - Slapshot by Jason Spezza.
0:14 of 2nd period - Shot Blocked by Johnny Oduya.
0:16 of 2nd period - Wrist shot by Rick Nash.
0:16 of 2nd period - Stopped by Roberto Luongo without a rebound.
0:17 of 2nd period - Mike Richards wins face-off versus Dominic Moore in Blackhawks zone.
0:30 of 2nd period - Snap shot by Jamie Langenbrunner.
0:30 of 2nd period - Stopped by Jonathan Quick with a rebound.
0:32 of 2nd period - Snap shot by Jamie Langenbrunner.
0:32 of 2nd period - Shot Blocked by Mike Richards.
0:42 of 2nd period - George Parros is hit by Martin Havlat and loses puck.
1:29 of 2nd period - Snap shot by Mike Richards.
1:29 of 2nd period - Shot Misses the Net.
1:31 of 2nd period - Slapshot by Shea Weber.
1:31 of 2nd period - Shot Misses the Net.
1:33 of 2nd period - Snap shot by Teemu Selanne.
1:33 of 2nd period - Deflect By Sean Bergenheim.
1:33 of 2nd period - Shot Misses the Net.
1:33 of 2nd period - Puck is out of play.
1:34 of 2nd period - Dominic Moore wins face-off versus Mike Richards in Blackhawks zone.
1:43 of 2nd period - Snap shot by Teemu Selanne.
1:43 of 2nd period - Shot Misses the Net.
1:45 of 2nd period - Wrist shot by Mike Richards.
1:45 of 2nd period - Deflect By Teemu Selanne.
1:45 of 2nd period - Stopped by Roberto Luongo without a rebound.
1:46 of 2nd period - Jason Spezza wins face-off versus Dominic Moore in Blackhawks zone.
1:47 of 2nd period - Snap shot by Rick Nash.
1:47 of 2nd period - Stopped by Roberto Luongo with a rebound.
1:59 of 2nd period - Snap shot by Kris Versteeg.
1:59 of 2nd period - Shot Blocked by Shea Weber.
2:01 of 2nd period - Backhand shot by Dominic Moore.
2:01 of 2nd period - Shot Misses the Net.
2:11 of 2nd period - Shea Weber is hit by Oleg Kvasha and loses puck.
2:42 of 2nd period - Ossi Vaananen is hit by Steve Bernier and loses puck.
2:57 of 2nd period - Wrist shot by Jason Spezza.
2:57 of 2nd period - Stopped by Roberto Luongo without a rebound.
2:58 of 2nd period - Scott Gomez wins face-off versus Rick Nash in Blackhawks zone.
3:07 of 2nd period - Snap shot by Henrik Zetterberg.
3:07 of 2nd period - Stopped by Jonathan Quick with a rebound.
3:52 of 2nd period - Wrist shot by Oleg Kvasha.
3:52 of 2nd period - Stopped by Jonathan Quick with a rebound.
4:06 of 2nd period - Wrist shot by Scott Gomez.
4:06 of 2nd period - Stopped by Jonathan Quick with a rebound.
4:08 of 2nd period - Snap shot by Scott Gomez.
4:08 of 2nd period - Goal by Scott Gomez - Blackhawks : 1 - Red Wings : 1.
4:09 of 2nd period - Scott Gomez wins face-off versus Rick Nash in neutral zone.
4:18 of 2nd period - Snap shot by Jason Spezza.
4:18 of 2nd period - Stopped by Roberto Luongo with a rebound.
4:20 of 2nd period - Wrist shot by Richard Jackman.
4:20 of 2nd period - Stopped by Roberto Luongo without a rebound.
4:21 of 2nd period - Scott Gomez wins face-off versus Jason Spezza in Blackhawks zone.
4:36 of 2nd period - Slapshot by Rick Nash.
4:36 of 2nd period - Shot Misses the Net.
4:48 of 2nd period - Christian Backman is hit by Dominic Moore and loses puck.
6:19 of 2nd period - Wrist shot by Kris Versteeg.
6:19 of 2nd period - Deflect By Dominic Moore.
6:19 of 2nd period - Shot Misses the Net.
6:19 of 2nd period - Puck is out of play.
6:20 of 2nd period - Dominic Moore wins face-off versus Jason Spezza in Red Wings zone.
6:27 of 2nd period - Slapshot by Richard Jackman.
6:27 of 2nd period - Stopped by Roberto Luongo with a rebound.
6:29 of 2nd period - Minor Penalty to Wes O'Neill for Holding.
6:30 of 2nd period - Kris Versteeg wins face-off versus Jason Spezza in Blackhawks zone.
6:43 of 2nd period - Backhand shot by Shea Weber.
6:43 of 2nd period - Shot Misses the Net.
6:45 of 2nd period - Slapshot by Paul Martin.
6:45 of 2nd period - Shot Blocked by Henrik Zetterberg.
6:51 of 2nd period - Minor Penalty to Kris Versteeg for Hooking.
6:52 of 2nd period - Henrik Zetterberg wins face-off versus Jason Spezza in Blackhawks zone.
7:39 of 2nd period - Jeff Schultz is hit by Martin Havlat and loses puck.
8:25 of 2nd period - Jason Spezza is hit by Steve McCarthy and loses puck.
8:29 of 2nd period - Penalty to Wes O'Neill is over, Wes O'Neill is back on ice.
8:32 of 2nd period - Slapshot by Dominic Moore.
8:32 of 2nd period - Stopped by Jonathan Quick with a rebound.
8:34 of 2nd period - Slapshot by Johnny Oduya.
8:34 of 2nd period - Deflect By Wes O'Neill.
8:34 of 2nd period - Stopped by Jonathan Quick without a rebound.
8:35 of 2nd period - Henrik Zetterberg wins face-off versus Mike Richards in Red Wings zone.
8:51 of 2nd period - Penalty to Kris Versteeg is over, Kris Versteeg is back on ice.
9:00 of 2nd period - Wrist shot by Kris Versteeg.
9:00 of 2nd period - Shot Blocked by Lee Stempniak.
9:02 of 2nd period - Snap shot by Kris Versteeg.
9:02 of 2nd period - Stopped by Jonathan Quick with a rebound.
9:04 of 2nd period - Snap shot by Jamie Langenbrunner.
9:04 of 2nd period - Shot Blocked by Robert Dome.
9:06 of 2nd period - Snap shot by Wes O'Neill.
9:06 of 2nd period - Deflect By Dominic Moore.
9:06 of 2nd period - Shot Misses the Net.
9:06 of 2nd period - Puck is out of play.
9:07 of 2nd period - Nate Thompson wins face-off versus Oleg Kvasha in Red Wings zone.
9:12 of 2nd period - Wrist shot by Nate Thompson.
9:12 of 2nd period - Shot Misses the Net.
9:14 of 2nd period - Slapshot by Christian Backman.
9:14 of 2nd period - Shot Misses the Net.
9:16 of 2nd period - Snap shot by Nate Thompson.
9:16 of 2nd period - Shot Blocked by Oleg Kvasha.
9:18 of 2nd period - Snap shot by Nate Thompson.
9:18 of 2nd period - Shot Misses the Net.
9:20 of 2nd period - Wrist shot by Richard Jackman.
9:20 of 2nd period - Deflect By Nate Thompson.
9:20 of 2nd period - Stopped by Roberto Luongo without a rebound.
9:21 of 2nd period - Jason Spezza wins face-off versus Scott Gomez in Blackhawks zone.
9:32 of 2nd period - Backhand shot by Johnny Oduya.
9:32 of 2nd period - Shot Misses the Net.
9:34 of 2nd period - Snap shot by George Parros.
9:34 of 2nd period - Shot Misses the Net.
9:48 of 2nd period - Johnny Oduya is hit by Mike Richards.
10:10 of 2nd period - Richard Jackman is hit by Jeff Schultz and loses puck.
10:49 of 2nd period - Wrist shot by Jason Spezza.
10:49 of 2nd period - Shot Blocked by Wes O'Neill.
11:09 of 2nd period - Snap shot by Kris Versteeg.
11:09 of 2nd period - Shot Blocked by Sean Bergenheim.
11:11 of 2nd period - Snap shot by Jamie Langenbrunner.
11:11 of 2nd period - Shot Misses the Net.
11:13 of 2nd period - Slapshot by Wes O'Neill.
11:13 of 2nd period - Stopped by Jonathan Quick with a rebound.
11:15 of 2nd period - Snap shot by John Carlson.
11:15 of 2nd period - Shot Blocked by Teemu Selanne.
11:17 of 2nd period - Snap shot by Kris Versteeg.
11:17 of 2nd period - Shot Blocked by Mike Richards.
12:17 of 2nd period - Slapshot by Maxim Kondratiev.
12:17 of 2nd period - Shot Misses the Net.
12:27 of 2nd period - Teemu Selanne is hit by Dominic Moore.
12:31 of 2nd period - Richard Jackman is hit by Dominic Moore and loses puck.
12:48 of 2nd period - Lee Stempniak is hit by George Parros and loses puck.
13:20 of 2nd period - Minor Penalty to Sheldon Keefe for Hooking.
13:21 of 2nd period - Jason Spezza wins face-off versus Henrik Zetterberg in Blackhawks zone.
13:28 of 2nd period - Snap shot by Rick Nash.
13:28 of 2nd period - Goal by Rick Nash - Blackhawks : 1 - Red Wings : 2.
13:29 of 2nd period - Jason Spezza wins face-off versus Scott Gomez in neutral zone.
14:45 of 2nd period - Snap shot by Mike Brown.
14:45 of 2nd period - Stopped by Roberto Luongo with a rebound.
14:55 of 2nd period - Wrist shot by Chris Higgins.
14:55 of 2nd period - Shot Blocked by Richard Jackman.
15:01 of 2nd period - Snap shot by Chris Higgins.
15:01 of 2nd period - Goal by Chris Higgins - Blackhawks : 2 - Red Wings : 2.
15:02 of 2nd period - Jason Spezza wins face-off versus Scott Gomez in neutral zone.
15:33 of 2nd period - Off-side.
15:34 of 2nd period - Mike Richards wins face-off versus Scott Gomez in neutral zone.
16:38 of 2nd period - Minor Penalty to Sheldon Keefe for Roughing.
16:39 of 2nd period - Jason Spezza wins face-off versus Henrik Zetterberg in Blackhawks zone.
17:46 of 2nd period - Backhand shot by Chris Campoli.
17:46 of 2nd period - Deflect By Paul Martin.
17:46 of 2nd period - Stopped by Jonathan Quick with a rebound.
17:48 of 2nd period - Slapshot by Johnny Oduya.
17:48 of 2nd period - Shot Misses the Net.
17:52 of 2nd period - Snap shot by Daniel Carcillo.
17:52 of 2nd period - Stopped by Jonathan Quick without a rebound.
17:53 of 2nd period - Jason Spezza wins face-off versus Daniel Carcillo in Red Wings zone.
17:53 of 2nd period - Jason Spezza is hit by Daniel Carcillo.
17:59 of 2nd period - Slapshot by Chris Higgins.
17:59 of 2nd period - Goal by Chris Higgins - Blackhawks : 3 - Red Wings : 2.
18:00 of 2nd period - Henrik Zetterberg wins face-off versus Martin Havlat in neutral zone.
18:33 of 2nd period - Wrist shot by Sean Bergenheim.
18:33 of 2nd period - Goal by Sean Bergenheim - Blackhawks : 3 - Red Wings : 3.
18:34 of 2nd period - Jason Spezza wins face-off versus Scott Gomez in neutral zone.
18:42 of 2nd period - Martin Havlat is hit by Henrik Zetterberg and loses puck.
18:59 of 2nd period - Rick Nash is hit by Chris Higgins and loses puck.
19:28 of 2nd period - Sean Bergenheim is hit by Dominic Moore and loses puck.
19:59 of 2nd period - Daniel Carcillo is hit by Paul Martin.
Goals for this period are 3 for Blackhawks vs 2 for Red Wings.
Shots for this period are 13 for Blackhawks vs 12 for Red Wings.

3rd period


0:01 of 3rd period - Scott Gomez wins face-off versus Jason Spezza in neutral zone.
0:10 of 3rd period - Wrist shot by Jason Spezza.
0:10 of 3rd period - Shot Misses the Net.
0:40 of 3rd period - Minor Penalty to Shea Weber for Hooking.
0:41 of 3rd period - Jason Spezza wins face-off versus Dominic Moore in Red Wings zone.
0:57 of 3rd period - Wrist shot by Jason Spezza.
0:57 of 3rd period - Stopped by Roberto Luongo without a rebound.
0:58 of 3rd period - Jason Spezza wins face-off versus Scott Gomez in Blackhawks zone.
0:59 of 3rd period - Snap shot by Rick Nash.
0:59 of 3rd period - Stopped by Roberto Luongo with a rebound.
1:09 of 3rd period - Snap shot by Henrik Zetterberg.
1:09 of 3rd period - Shot Misses the Net.
1:11 of 3rd period - Slapshot by Steve McCarthy.
1:11 of 3rd period - Stopped by Jonathan Quick without a rebound.
1:12 of 3rd period - Rick Nash wins face-off versus Henrik Zetterberg in Red Wings zone.
1:47 of 3rd period - Snap shot by Dominic Moore.
1:47 of 3rd period - Stopped by Jonathan Quick without a rebound.
1:48 of 3rd period - Scott Gomez wins face-off versus Nate Thompson in Red Wings zone.
2:13 of 3rd period - Kris Versteeg is hit by Jason Spezza and loses puck.
2:40 of 3rd period - Penalty to Shea Weber is over, Shea Weber is back on ice.
2:50 of 3rd period - Snap shot by Nate Thompson.
2:50 of 3rd period - Stopped by Roberto Luongo with a rebound.
2:52 of 3rd period - Slapshot by Paul Martin.
2:52 of 3rd period - Stopped by Roberto Luongo without a rebound.
2:53 of 3rd period - Scott Gomez wins face-off versus Mike Richards in Blackhawks zone.
3:02 of 3rd period - Snap shot by Teemu Selanne.
3:02 of 3rd period - Shot Misses the Net.
3:04 of 3rd period - Snap shot by Teemu Selanne.
3:04 of 3rd period - Stopped by Roberto Luongo without a rebound.
3:05 of 3rd period - Scott Gomez wins face-off versus Jason Spezza in Blackhawks zone.
3:16 of 3rd period - Snap shot by Henrik Zetterberg.
3:16 of 3rd period - Stopped by Jonathan Quick with a rebound.
3:18 of 3rd period - Wrist shot by George Parros.
3:18 of 3rd period - Stopped by Jonathan Quick with a rebound.
3:20 of 3rd period - Wrist shot by Scott Gomez.
3:20 of 3rd period - Stopped by Jonathan Quick with a rebound.
3:30 of 3rd period - Kris Versteeg is hit by Mike Richards and loses puck.
3:37 of 3rd period - Wrist shot by Mike Richards.
3:37 of 3rd period - Stopped by Roberto Luongo without a rebound.
3:38 of 3rd period - Scott Gomez wins face-off versus Mike Richards in Blackhawks zone.
4:11 of 3rd period - Wrist shot by Kris Versteeg.
4:11 of 3rd period - Stopped by Jonathan Quick with a rebound.
4:13 of 3rd period - Wrist shot by Kris Versteeg.
4:13 of 3rd period - Shot Misses the Net.
4:29 of 3rd period - Snap shot by Robert Dome.
4:29 of 3rd period - Shot Blocked by Sheldon Keefe.
4:31 of 3rd period - Backhand shot by Paul Martin.
4:31 of 3rd period - Stopped by Roberto Luongo without a rebound.
4:32 of 3rd period - Scott Gomez wins face-off versus Mike Richards in Blackhawks zone.
4:41 of 3rd period - Wrist shot by Scott Gomez.
4:41 of 3rd period - Shot Misses the Net.
4:44 of 3rd period - Icing by Richard Jackman.
4:45 of 3rd period - Mike Richards wins face-off versus Scott Gomez in Red Wings zone.
5:11 of 3rd period - Wrist shot by Teemu Selanne.
5:11 of 3rd period - Stopped by Roberto Luongo without a rebound.
5:12 of 3rd period - Jason Spezza wins face-off versus Dominic Moore in Blackhawks zone.
5:39 of 3rd period - George Parros is hit by Robert Dome and loses puck.
5:46 of 3rd period - Snap shot by Lee Stempniak.
5:46 of 3rd period - Shot Misses the Net.
5:52 of 3rd period - Ossi Vaananen is hit by Henrik Zetterberg and loses puck.
6:05 of 3rd period - Slapshot by Steve Bernier.
6:05 of 3rd period - Stopped by Jonathan Quick without a rebound.
6:06 of 3rd period - Mike Richards wins face-off versus Drew Larman in Red Wings zone.
6:06 of 3rd period - Mike Richards is hit by Daniel Carcillo.
6:20 of 3rd period - Snap shot by Daniel Carcillo.
6:20 of 3rd period - Shot Misses the Net.
6:22 of 3rd period - Slapshot by Daniel Carcillo.
6:22 of 3rd period - Stopped by Jonathan Quick with a rebound.
6:38 of 3rd period - Snap shot by Dominic Moore.
6:38 of 3rd period - Deflect By Kris Versteeg.
6:38 of 3rd period - Shot Misses the Net.
6:38 of 3rd period - Puck is out of play.
6:39 of 3rd period - Dominic Moore wins face-off versus Jason Spezza in Red Wings zone.
7:20 of 3rd period - Snap shot by Jamie Langenbrunner.
7:20 of 3rd period - Shot Blocked by Lee Stempniak.
7:32 of 3rd period - Snap shot by Jamie Langenbrunner.
7:32 of 3rd period - Shot Blocked by Christian Backman.
7:34 of 3rd period - Backhand shot by Kris Versteeg.
7:34 of 3rd period - Shot Blocked by Christian Backman.
7:38 of 3rd period - Snap shot by Dominic Moore.
7:38 of 3rd period - Stopped by Jonathan Quick with a rebound.
7:40 of 3rd period - Snap shot by Kris Versteeg.
7:40 of 3rd period - Shot Hit the Post.
7:42 of 3rd period - Wrist shot by Jamie Langenbrunner.
7:42 of 3rd period - Stopped by Jonathan Quick without a rebound.
7:43 of 3rd period - Jason Spezza wins face-off versus Scott Gomez in Red Wings zone.
7:43 of 3rd period - Jason Spezza is hit by Chris Campoli.
8:34 of 3rd period - Minor Penalty to Henrik Zetterberg for Cross-checking.
8:35 of 3rd period - Jason Spezza wins face-off versus Daniel Carcillo in Blackhawks zone.
8:40 of 3rd period - Snap shot by Martin Havlat.
8:40 of 3rd period - Shot Misses the Net.
8:42 of 3rd period - Slapshot by Paul Martin.
8:42 of 3rd period - Deflect By Jason Spezza.
8:42 of 3rd period - Shot Misses the Net.
8:42 of 3rd period - Puck is out of play.
8:43 of 3rd period - Daniel Carcillo wins face-off versus Jason Spezza in Blackhawks zone.
8:54 of 3rd period - Snap shot by Jason Spezza.
8:54 of 3rd period - Shot Blocked by Johnny Oduya.
9:06 of 3rd period - Wrist shot by Martin Havlat.
9:06 of 3rd period - Shot Misses the Net.
9:08 of 3rd period - Snap shot by Rick Nash.
9:08 of 3rd period - Shot Hit the Post.
9:10 of 3rd period - Snap shot by Martin Havlat.
9:10 of 3rd period - Stopped by Roberto Luongo with a rebound.
9:30 of 3rd period - Wrist shot by Martin Havlat.
9:30 of 3rd period - Deflect By Jason Spezza.
9:30 of 3rd period - Shot Blocked by Johnny Oduya.
9:30 of 3rd period - Puck is out of play.
9:31 of 3rd period - Mike Richards wins face-off versus Daniel Carcillo in Blackhawks zone.
10:10 of 3rd period - Slapshot by Mike Richards.
10:10 of 3rd period - Shot Misses the Net.
10:30 of 3rd period - Snap shot by Teemu Selanne.
10:30 of 3rd period - Shot Blocked by Kris Versteeg.
10:34 of 3rd period - Penalty to Henrik Zetterberg is over, Henrik Zetterberg is back on ice.
10:53 of 3rd period - Wrist shot by Mike Richards.
10:53 of 3rd period - Shot Misses the Net.
10:55 of 3rd period - Snap shot by Sean Bergenheim.
10:55 of 3rd period - Stopped by Roberto Luongo with a rebound.
10:57 of 3rd period - Snap shot by Sean Bergenheim.
10:57 of 3rd period - Shot Misses the Net.
11:12 of 3rd period - Icing by Dominic Moore.
11:13 of 3rd period - Jason Spezza wins face-off versus Henrik Zetterberg in Blackhawks zone.
11:14 of 3rd period - Snap shot by Martin Havlat.
11:14 of 3rd period - Shot Blocked by Kris Versteeg.
11:26 of 3rd period - Wrist shot by Jason Spezza.
11:26 of 3rd period - Stopped by Roberto Luongo with a rebound.
11:28 of 3rd period - Slapshot by Paul Martin.
11:28 of 3rd period - Shot Blocked by Steve McCarthy.
11:44 of 3rd period - Wrist shot by Oleg Kvasha.
11:44 of 3rd period - Shot Blocked by Shawn Horcoff.
11:46 of 3rd period - Wrist shot by Sheldon Keefe.
11:46 of 3rd period - Goal by Sheldon Keefe - Blackhawks : 4 - Red Wings : 3.
11:47 of 3rd period - Chris Higgins wins face-off versus Jason Spezza in neutral zone.
11:55 of 3rd period - Minor Penalty to Martin Havlat for Hooking.
11:56 of 3rd period - Scott Gomez wins face-off versus Jason Spezza in Red Wings zone.
12:08 of 3rd period - Snap shot by Henrik Zetterberg.
12:08 of 3rd period - Shot Misses the Net.
13:55 of 3rd period - Penalty to Martin Havlat is over, Martin Havlat is back on ice.
14:11 of 3rd period - Slapshot by Kris Versteeg.
14:11 of 3rd period - Deflect By Jamie Langenbrunner.
14:11 of 3rd period - Stopped by Jonathan Quick without a rebound.
14:12 of 3rd period - Oleg Kvasha wins face-off versus Nate Thompson in Red Wings zone.
14:58 of 3rd period - Wrist shot by Robert Dome.
14:58 of 3rd period - Stopped by Roberto Luongo without a rebound.
14:59 of 3rd period - Scott Gomez wins face-off versus Shawn Horcoff in Blackhawks zone.
14:59 of 3rd period - Scott Gomez is hit by Shawn Horcoff.
15:10 of 3rd period - Minor Penalty to Shawn Horcoff for Slashing.
15:11 of 3rd period - Scott Gomez wins face-off versus Jason Spezza in Red Wings zone.
15:37 of 3rd period - Jason Spezza is hit by Dominic Moore and loses puck.
15:52 of 3rd period - Slapshot by Nate Thompson.
15:52 of 3rd period - Goal by Nate Thompson - Blackhawks : 4 - Red Wings : 4.
15:53 of 3rd period - Jason Spezza wins face-off versus Scott Gomez in neutral zone.
16:08 of 3rd period - Rick Nash is hit by George Parros and loses puck.
16:19 of 3rd period - Johnny Oduya is hit by Rick Nash and loses puck.
16:36 of 3rd period - Snap shot by Jamie Langenbrunner.
16:36 of 3rd period - Shot Misses the Net.
17:10 of 3rd period - Penalty to Shawn Horcoff is over, Shawn Horcoff is back on ice.
17:39 of 3rd period - Drew Larman is hit by Christian Backman and loses puck.
17:50 of 3rd period - Snap shot by Shawn Horcoff.
17:50 of 3rd period - Stopped by Roberto Luongo with a rebound.
17:52 of 3rd period - Slapshot by Maxim Kondratiev.
17:52 of 3rd period - Stopped by Roberto Luongo without a rebound.
17:53 of 3rd period - Oleg Kvasha wins face-off versus Nate Thompson in Blackhawks zone.
17:55 of 3rd period - Minor Penalty to Chris Higgins for Interference.
17:56 of 3rd period - Henrik Zetterberg wins face-off versus Jason Spezza in Blackhawks zone.
18:30 of 3rd period - Snap shot by George Parros.
18:30 of 3rd period - Shot Misses the Net.
18:32 of 3rd period - Slapshot by Scott Gomez.
18:32 of 3rd period - Stopped by Jonathan Quick without a rebound.
18:33 of 3rd period - Jason Spezza wins face-off versus George Parros in Red Wings zone.
19:00 of 3rd period - Minor Penalty to Mike Richards for Roughing.
19:01 of 3rd period - Henrik Zetterberg wins face-off versus Jason Spezza in Red Wings zone.
19:02 of 3rd period - Snap shot by Kris Versteeg.
19:02 of 3rd period - Shot Misses the Net.
19:18 of 3rd period - Slapshot by Kris Versteeg.
19:18 of 3rd period - Stopped by Jonathan Quick without a rebound.
19:19 of 3rd period - Henrik Zetterberg wins face-off versus Jason Spezza in Red Wings zone.
19:22 of 3rd period - Snap shot by Henrik Zetterberg.
19:22 of 3rd period - Shot Misses the Net.
19:27 of 3rd period - Off-side.
19:28 of 3rd period - Jason Spezza wins face-off versus Henrik Zetterberg in neutral zone.
19:35 of 3rd period - Slapshot by Rick Nash.
19:35 of 3rd period - Shot Blocked by Steve McCarthy.
19:55 of 3rd period - Penalty to Chris Higgins is over, Chris Higgins is back on ice.
19:57 of 3rd period - Slapshot by Rick Nash.
19:57 of 3rd period - Stopped by Roberto Luongo without a rebound.
19:58 of 3rd period - Jason Spezza wins face-off versus Scott Gomez in Blackhawks zone.
Goals for this period are 1 for Blackhawks vs 1 for Red Wings.
Shots for this period are 14 for Blackhawks vs 16 for Red Wings.

Overtime #1


0:01 of 1st overtime period - Jason Spezza wins face-off versus Henrik Zetterberg in neutral zone.
0:54 of 1st overtime period - Nate Thompson is hit by Jeff Schultz.
1:00 of 1st overtime period - Penalty to Mike Richards is over, Mike Richards is back on ice.
1:04 of 1st overtime period - Snap shot by Oleg Kvasha.
1:04 of 1st overtime period - Shot Misses the Net.
1:06 of 1st overtime period - Wrist shot by Oleg Kvasha.
1:06 of 1st overtime period - Stopped by Jonathan Quick without a rebound.
1:07 of 1st overtime period - Henrik Zetterberg wins face-off versus Jason Spezza in Red Wings zone.
1:22 of 1st overtime period - Slapshot by Richard Jackman.
1:22 of 1st overtime period - Shot Misses the Net.
1:24 of 1st overtime period - Backhand shot by Shawn Horcoff.
1:24 of 1st overtime period - Goal by Shawn Horcoff - Blackhawks : 4 - Red Wings : 5.
Goals for this period are 0 for Blackhawks vs 1 for Red Wings.
Shots for this period are 1 for Blackhawks vs 1 for Red Wings.


Output by the SimonT Hockey Simulator (STHS) for François Prévost -- Original Page W3C XHTML 1.0 Valid
Hockey Simulator - Hockey Simulation - Hockey Manager